| TOP OF THE 1ST |
|
Erie SeaWolves batting - Pitching for Arkansas Travelers : RHP Mike Tallerico
|
|
Pitching: RHP Mike Tallerico
|
|
|
Batting: LHB Adam Lancaster
|
0-0: Ball 1-0: Ball 2-0: Ball 3-0: Called Strike 3-1: Foul Ball, location: 2F 3-2: Base on Balls
|
|
Batting: RHB Jordan Mejias
|
0-0: Called Strike 0-1: Swinging Strike 0-2: Fielders Choice at 2nd, 6-4 (Groundball, 6, EV 91.9 MPH)
|
|
Batting: LHB Takuya Uchida
|
0-0: Ball 1-0: Called Strike 1-1: Ground out 6-3 (Groundball, 4, EV 91.2 MPH) Jordan Mejias to second
|
|
Batting: LHB Oscar Gonzalez
|
0-0: Ground out 1-3 (Groundball, P, EV 63.1 MPH)
|
| Top of the 1st over - 0 runs, 0 hits, 0 errors, 1 left on base; Erie 0 - Arkansas 0 |
| BOTTOM OF THE 1ST |
|
Arkansas Travelers batting - Pitching for Erie SeaWolves : RHP Juan Cornejo
|
|
Pitching: RHP Juan Cornejo
|
|
|
Batting: RHB Bjoern Waltersson
|
0-0: Fly out, F5 (Popup, 25F, EV 87.5 MPH)
|
|
Batting: SHB Mario Padron
|
0-0: Called Strike 0-1: Swinging Strike 0-2: Ball 1-2: SOLO HOME RUN (Flyball, 7LD, EV 96.2 MPH), Distance : 354 ft
|
|
Batting: LHB Matt Calitri
|
0-0: Ball 1-0: Foul Ball, location: 2F 1-1: Called Strike 1-2: Ball 2-2: Ball 3-2: Foul Ball, location: 2F 3-2: Strikes out swinging
|
|
Batting: LHB Tyler Meier
|
0-0: Ball 1-0: SINGLE (Line Drive, 4M, EV 105.6 MPH)
|
|
Batting: RHB Jose Pineda
|
0-0: Called Strike 0-1: Ball 1-1: Called Strike Tyler Meier steals 2nd base 1-2: Strikes out swinging
|
| Bottom of the 1st over - 1 run, 2 hits, 0 errors, 1 left on base; Erie 0 - Arkansas 1 |
| TOP OF THE 2ND |
|
Erie SeaWolves batting - Pitching for Arkansas Travelers : RHP Mike Tallerico
|
|
Batting: LHB Luis Dominguez
|
0-0: Foul Ball, location: 2F 0-1: Called Strike 0-2: Strikes out looking
|
|
Batting: RHB Miguel Nunez
|
0-0: Ball 1-0: Ball 2-0: Foul Ball, location: 2F 2-1: Ground out U3 (Groundball, 34S, EV 71.9 MPH)
|
|
Batting: RHB Mike Olsen
|
0-0: Swinging Strike 0-1: Swinging Strike 0-2: SINGLE (Line Drive, 78S, EV 96.9 MPH)
|
|
Batting: RHB Ken DiFerdinando
|
0-0: Ball 1-0: Ball 2-0: Called Strike 2-1: Ball 3-1: Called Strike 3-2: Strikes out swinging
|
| Top of the 2nd over - 0 runs, 1 hit, 0 errors, 1 left on base; Erie 0 - Arkansas 1 |
| BOTTOM OF THE 2ND |
|
Arkansas Travelers batting - Pitching for Erie SeaWolves : RHP Juan Cornejo
|
|
Batting: LHB Barrfhionn O'Toole
|
0-0: Ball 1-0: Swinging Strike 1-1: Foul Ball, location: 2F 1-2: Ball 2-2: Strikes out swinging, 2-3 out at first.
|
|
Batting: LHB Sean Corderman
|
0-0: Ball 1-0: Ball 2-0: Foul Ball, location: 2F 2-1: Foul Ball, location: 2F 2-2: Foul Ball, location: 2F 2-2: Foul Ball, location: 2F 2-2: Ball 3-2: Base on Balls
|
|
Batting: RHB David Young
|
0-0: Fly out, F8 (Flyball, 8RM, EV 89.4 MPH)
|
|
Batting: RHB Roberto Martinez
|
0-0: Called Strike 0-1: Ball 1-1: Called Strike 1-2: Ball 2-2: Ball 3-2: Foul Ball, location: 2F 3-2: Strikes out looking
|
| Bottom of the 2nd over - 0 runs, 0 hits, 0 errors, 1 left on base; Erie 0 - Arkansas 1 |
| TOP OF THE 3RD |
|
Erie SeaWolves batting - Pitching for Arkansas Travelers : RHP Mike Tallerico
|
|
Batting: RHB Victor Reyes
|
0-0: Called Strike 0-1: Ball 1-1: Foul Ball, location: 2F 1-2: Foul Ball, location: 2F 1-2: Foul Ball, location: 2F 1-2: Ground out 5-3 (Groundball, 56D, EV 80.0 MPH)
|
|
Batting: LHB Adam Lancaster
|
0-0: Ball 1-0: Ball 2-0: Called Strike 2-1: Ball 3-1: Called Strike 3-2: Base on Balls
|
|
Batting: RHB Jordan Mejias
|
0-0: Ball 1-0: Ball 2-0: Ball 3-0: Called Strike 3-1: Called Strike 3-2: SINGLE (Groundball, 6MD, EV 103.8 MPH) Adam Lancaster to second
|
|
Batting: LHB Takuya Uchida
|
0-0: Ball 1-0: Ball 2-0: Ball 3-0: Base on Balls Adam Lancaster to third Jordan Mejias to second
|
|
Batting: LHB Oscar Gonzalez
|
0-0: Foul Ball, location: 2F 0-1: Fly out, F3 (Flyball, 3D, EV 78.1 MPH)
|
|
Batting: LHB Luis Dominguez
|
0-0: Ball 1-0: Ball 2-0: Foul Ball, location: 2F 2-1: TRIPLE (Line Drive, 9D, EV 105.0 MPH) Adam Lancaster scores Jordan Mejias scores Takuya Uchida scores
|
|
Batting: RHB Miguel Nunez
|
0-0: Fly out, F8 (Line Drive, 8RD, EV 85.6 MPH)
|
| Top of the 3rd over - 3 runs, 2 hits, 0 errors, 1 left on base; Erie 3 - Arkansas 1 |
| BOTTOM OF THE 3RD |
|
Arkansas Travelers batting - Pitching for Erie SeaWolves : RHP Juan Cornejo
|
|
Batting: RHB Bjoern Waltersson
|
0-0: Called Strike 0-1: Ball 1-1: Ball 2-1: Swinging Strike 2-2: Strikes out swinging
|
|
Batting: SHB Mario Padron
|
0-0: Ball 1-0: Ball 2-0: Called Strike 2-1: Ball 3-1: Swinging Strike 3-2: Strikes out swinging
|
|
Batting: LHB Matt Calitri
|
0-0: Ball 1-0: SINGLE (Flyball, 34D, EV 90.6 MPH)
|
|
Batting: LHB Tyler Meier
|
0-0: Ball 1-0: Ball 2-0: Called Strike 2-1: Ball 3-1: Foul Ball, location: 2F 3-2: Foul Ball, location: 2F 3-2: Foul Ball, location: 2F 3-2: Foul Ball, location: 2F 3-2: Foul Ball, location: 2F 3-2: Base on Balls Matt Calitri to second
|
|
Batting: RHB Jose Pineda
|
0-0: Called Strike 0-1: Swinging Strike 0-2: Fly out, F3 (Popup, 3SF, EV 90.0 MPH)
|
| Bottom of the 3rd over - 0 runs, 1 hit, 0 errors, 2 left on base; Erie 3 - Arkansas 1 |
| TOP OF THE 4TH |
|
Erie SeaWolves batting - Pitching for Arkansas Travelers : RHP Mike Tallerico
|
|
Batting: RHB Mike Olsen
|
0-0: Ball 1-0: Swinging Strike 1-1: Foul Ball, location: 2F 1-2: Ball 2-2: Ground out 5-3 (Groundball, 5, EV 80.0 MPH)
|
|
Batting: RHB Ken DiFerdinando
|
0-0: Ball 1-0: Foul Ball, location: 2F 1-1: Swinging Strike 1-2: DOUBLE (Line Drive, 7LM, EV 100.0 MPH)
|
|
Batting: RHB Victor Reyes
|
0-0: Called Strike 0-1: Called Strike 0-2: Ground out 4-3 (Groundball, 4, EV 84.4 MPH) Ken DiFerdinando to third
|
|
Batting: LHB Adam Lancaster
|
0-0: Called Strike 0-1: Called Strike 0-2: Strikes out swinging
|
| Top of the 4th over - 0 runs, 1 hit, 0 errors, 1 left on base; Erie 3 - Arkansas 1 |
| BOTTOM OF THE 4TH |
|
Arkansas Travelers batting - Pitching for Erie SeaWolves : RHP Juan Cornejo
|
|
Batting: LHB Barrfhionn O'Toole
|
0-0: Ground out 6-3 (Groundball, 6, EV 98.8 MPH)
|
|
Batting: LHB Sean Corderman
|
0-0: Foul Ball, location: 2F 0-1: Ball 1-1: Ball 2-1: Foul Ball, location: 2F 2-2: Ball 3-2: Base on Balls
|
|
Batting: RHB David Young
|
0-0: Ball 1-0: Ball 2-0: Called Strike 2-1: Foul Ball, location: 2F 2-2: Strikes out looking
|
|
Batting: RHB Roberto Martinez
|
0-0: Called Strike 0-1: Ball Sean Corderman steals 2nd base 1-1: Swinging Strike 1-2: Strikes out looking
|
| Bottom of the 4th over - 0 runs, 0 hits, 0 errors, 1 left on base; Erie 3 - Arkansas 1 |
| TOP OF THE 5TH |
|
Erie SeaWolves batting - Pitching for Arkansas Travelers : RHP Mike Tallerico
|
|
Batting: RHB Jordan Mejias
|
0-0: Ball 1-0: Swinging Strike 1-1: Foul Ball, location: 2F 1-2: Fly out, F7 (Flyball, 7LS, EV 88.1 MPH)
|
|
Pitching: RHP Mike Guidroz
|
|
|
Batting: LHB Takuya Uchida
|
0-0: Ground out 4-3 (Groundball, 4, EV 81.9 MPH)
|
|
Batting: LHB Oscar Gonzalez
|
0-0: Ball 1-0: Foul Ball, location: 2F 1-1: Ball 2-1: Ground out U3 (Groundball, 13, EV 92.5 MPH)
|
| Top of the 5th over - 0 runs, 0 hits, 0 errors, 0 left on base; Erie 3 - Arkansas 1 |
| BOTTOM OF THE 5TH |
|
Arkansas Travelers batting - Pitching for Erie SeaWolves : RHP Juan Cornejo
|
|
Batting: RHB Bjoern Waltersson
|
0-0: Foul Ball, location: 2F 0-1: Foul Ball, location: 2F 0-2: Foul Ball, location: 2F 0-2: Ball 1-2: Ball 2-2: Ball 3-2: Foul Ball, location: 2F 3-2: Ground out 5-3 (Groundball, 56, EV 95.6 MPH)
|
|
Pitching: RHP Luke Totzke
|
|
|
Batting: SHB Mario Padron
|
0-0: Called Strike 0-1: Called Strike 0-2: Strikes out swinging
|
|
Batting: LHB Matt Calitri
|
0-0: Swinging Strike 0-1: Hit by Pitch
|
|
Batting: LHB Tyler Meier
|
0-0: Ball 1-0: Ball 2-0: Called Strike 2-1: Ball 3-1: Foul Ball, location: 2F 3-2: Base on Balls Matt Calitri to second
|
|
Batting: RHB Jose Pineda
|
0-0: Ball 1-0: Called Strike 1-1: Fly out, F5 (Line Drive, 5, EV 65.6 MPH)
|
| Bottom of the 5th over - 0 runs, 0 hits, 0 errors, 2 left on base; Erie 3 - Arkansas 1 |
| TOP OF THE 6TH |
|
Erie SeaWolves batting - Pitching for Arkansas Travelers : RHP Mike Guidroz
|
|
Batting: LHB Luis Dominguez
|
0-0: Called Strike 0-1: Swinging Strike 0-2: DOUBLE (Flyball, 8LD, EV 94.4 MPH)
|
|
Batting: RHB Miguel Nunez
|
0-0: Ball 1-0: Fly out, F7 (Flyball, 78M, EV 93.8 MPH)
|
|
Batting: RHB Mike Olsen
|
0-0: Called Strike 0-1: Ball 1-1: Ball 2-1: Swinging Strike 2-2: Foul Ball, location: 2F 2-2: Fly out, F8 (Flyball, 8RS, EV 86.2 MPH)
|
|
Batting: RHB Ken DiFerdinando
|
0-0: Swinging Strike 0-1: Ball 1-1: Called Strike 1-2: Foul Ball, location: 2F 1-2: Ball 2-2: Strikes out looking
|
| Top of the 6th over - 0 runs, 1 hit, 0 errors, 1 left on base; Erie 3 - Arkansas 1 |
| BOTTOM OF THE 6TH |
|
Arkansas Travelers batting - Pitching for Erie SeaWolves : RHP Luke Totzke
|
|
Batting: LHB Barrfhionn O'Toole
|
0-0: Ball 1-0: Swinging Strike 1-1: Ball 2-1: Ground out 6-3 (Groundball, 6, EV 85.6 MPH)
|
|
Batting: LHB Sean Corderman
|
0-0: Ball 1-0: Ball 2-0: Called Strike 2-1: Ball 3-1: Base on Balls
|
|
Batting: RHB David Young
|
0-0: Ball 1-0: Called Strike 1-1: Ball 2-1: Foul Ball, location: 2F 2-2: Ball 3-2: Strikes out looking
|
|
Batting: RHB Roberto Martinez
|
0-0: Ball 1-0: Foul Ball, location: 2F 1-1: Called Strike 1-2: Foul Ball, location: 2F 1-2: Ball 2-2: Strikes out swinging
|
| Bottom of the 6th over - 0 runs, 0 hits, 0 errors, 1 left on base; Erie 3 - Arkansas 1 |
| TOP OF THE 7TH |
|
Erie SeaWolves batting - Pitching for Arkansas Travelers : RHP Mike Guidroz
|
|
Pitching: RHP Andino Calzaghe
|
|
|
Batting: RHB Victor Reyes
|
0-0: Ball 1-0: Swinging Strike 1-1: Ball 2-1: Foul Ball, location: 2F 2-2: Strikes out swinging
|
|
Batting: LHB Adam Lancaster
|
0-0: Called Strike 0-1: Ground out U3 (Groundball, 34, EV 83.1 MPH)
|
|
Batting: RHB Jordan Mejias
|
0-0: Ball 1-0: Called Strike 1-1: Called Strike 1-2: Strikes out looking
|
| Top of the 7th over - 0 runs, 0 hits, 0 errors, 0 left on base; Erie 3 - Arkansas 1 |
| BOTTOM OF THE 7TH |
|
Arkansas Travelers batting - Pitching for Erie SeaWolves : RHP Luke Totzke
|
|
Pitching: RHP Mike Kirk
|
|
|
Batting: RHB Bjoern Waltersson
|
0-0: Called Strike 0-1: Foul Ball, location: 2F 0-2: Ball 1-2: SINGLE (Groundball, P, EV 83.1 MPH) (infield hit)
|
|
Batting: SHB Mario Padron
|
0-0: Called Strike Bjoern Waltersson steals 2nd base 0-1: Bunted foul 0-2: Ball 1-2: SINGLE (Line Drive, 3D, EV 108.1 MPH) Bjoern Waltersson to third Runner from 3rd tries for Home, SAFE, throw by RF to home
|
|
Batting: LHB Matt Calitri
|
0-0: Ball Mario Padron steals 2nd, throwing error, E2 Mario Padron to third 1-0: Swinging Strike 1-1: Swinging Strike 1-2: Strikes out swinging
|
|
Batting: LHB Tyler Meier
|
0-0: Ball 1-0: Ground out 4-3 (Groundball, 34S, EV 65.6 MPH)
|
|
Batting: RHB Jose Pineda
|
0-0: Ball 1-0: Called Strike 1-1: Foul Ball, location: 2F 1-2: Ground out 6-3 (Groundball, 56, EV 101.9 MPH)
|
| Bottom of the 7th over - 1 run, 2 hits, 1 error, 1 left on base; Erie 3 - Arkansas 2 |
| TOP OF THE 8TH |
|
Erie SeaWolves batting - Pitching for Arkansas Travelers : RHP Andino Calzaghe
|
|
Pitching: RHP Jason Smallwood
|
|
|
Batting: LHB Takuya Uchida
|
0-0: Called Strike 0-1: Foul Ball, location: 2F 0-2: Ball 1-2: SINGLE (Line Drive, 89S, EV 90.6 MPH)
|
|
Batting: LHB Oscar Gonzalez
|
0-0: Swinging Strike 0-1: Ball 1-1: Swinging Strike 1-2: Ball 2-2: Ball 3-2: Base on Balls Takuya Uchida to second
|
|
Batting: LHB Luis Dominguez
|
0-0: Ball 1-0: Called Strike 1-1: Foul Ball, location: 2F 1-2: Ball 2-2: Strikes out swinging
|
|
Batting: RHB Miguel Nunez
|
0-0: Ball 1-0: Called Strike 1-1: Hit by Pitch Takuya Uchida to third Oscar Gonzalez to second
|
|
Batting: RHB Mike Olsen
|
0-0: Ball 1-0: Called Strike 1-1: Foul Ball, location: 2F 1-2: Ball 2-2: Strikes out swinging
|
|
Batting: RHB Ken DiFerdinando
|
0-0: Swinging Strike 0-1: Called Strike 0-2: Strikes out swinging
|
| Top of the 8th over - 0 runs, 1 hit, 0 errors, 3 left on base; Erie 3 - Arkansas 2 |
| BOTTOM OF THE 8TH |
|
Arkansas Travelers batting - Pitching for Erie SeaWolves : RHP Mike Kirk
|
|
Pitching: RHP Bryan Hallman
|
|
|
Batting: LHB Barrfhionn O'Toole
|
0-0: Called Strike 0-1: Foul Ball, location: 2F 0-2: Foul Ball, location: 2F 0-2: Strikes out swinging
|
|
Batting: LHB Sean Corderman
|
0-0: Ball 1-0: Ball 2-0: Ball 3-0: Base on Balls
|
|
Batting: RHB David Young
|
0-0: Foul Ball, location: 2F 0-1: Ball 1-1: Called Strike 1-2: Ball 2-2: Fly out, F9 (Flyball, 89S, EV 96.2 MPH)
|
|
Batting: RHB Roberto Martinez
|
0-0: Ball 1-0: Foul Ball, location: 2F 1-1: SINGLE (Groundball, 5D, EV 102.5 MPH) Sean Corderman to second
|
|
Batting: RHB Bjoern Waltersson
|
0-0: Swinging Strike 0-1: Foul Ball, location: 2F 0-2: Ball 1-2: SINGLE (Line Drive, 8LS, EV 95.6 MPH) Sean Corderman to third Roberto Martinez to second Runner from 3rd tries for Home, SAFE, throw by CF to home
|
|
Batting: SHB Mario Padron
|
0-0: Called Strike 0-1: Foul Ball, location: 2F 0-2: Foul Ball, location: 2F 0-2: Ground out 4-3 (Groundball, 4, EV 99.4 MPH)
|
| Bottom of the 8th over - 1 run, 2 hits, 0 errors, 2 left on base; Erie 3 - Arkansas 3 |
| TOP OF THE 9TH |
|
Erie SeaWolves batting - Pitching for Arkansas Travelers : RHP Jason Smallwood
|
|
Pitching: RHP Erick Vazquez
|
|
|
Batting: RHB Victor Reyes
|
0-0: Ball 1-0: Swinging Strike 1-1: Ball 2-1: Foul Ball, location: 2F 2-2: Ground out 6-3 (Groundball, P, EV 81.9 MPH)
|
|
Batting: LHB Adam Lancaster
|
0-0: Swinging Strike 0-1: Swinging Strike 0-2: Ball 1-2: Strikes out looking
|
|
Batting: LHB Gabe Mendez
|
0-0: Called Strike 0-1: Called Strike 0-2: Ball 1-2: Strikes out swinging
|
| Top of the 9th over - 0 runs, 0 hits, 0 errors, 0 left on base; Erie 3 - Arkansas 3 |
| BOTTOM OF THE 9TH |
|
Arkansas Travelers batting - Pitching for Erie SeaWolves : RHP Bryan Hallman
|
|
Pitching: RHP John Harrell
|
|
|
Batting: LHB Matt Calitri
|
0-0: Ball 1-0: Swinging Strike 1-1: SOLO HOME RUN (Flyball, 78XD, EV 105.6 MPH), Distance : 426 ft
|
| Bottom of the 9th over - 1 run, 1 hit, 0 errors, 0 left on base; Erie 3 - Arkansas 4 |
| |
|
Game Over ... Arkansas defeats Erie, 4 to 3
|
|
|